 Dungeon Crawl Stone Soup version 0.30.1-9-gdf580d7c3d (webtiles) character file.

Game seed: 11250137533712337207

15168 KittyFluff the Protected (level 12, -16/76 HPs)
             Began as a Gargoyle Berserker on Oct 15, 2023.
             Was a High Priest of Trog.
             Demolished by a minotaur
             ... wielding a +2 hand axe of pain
              (29 damage)
             ... in a Gauntlet.
             The game lasted 01:06:56 (12172 turns).

KittyFluff the Protected (Gargoyle Berserker)      Turns: 12172, Time: 01:07:00

Health: -16/76     AC: 22    Str: 23    XL:     12   Next: 24%
Magic:  12/12      EV: 20    Int:  9    God:    Trog [*****.]
Gold:   909        SH:  6    Dex: 17    Spells: 11/11 levels left

rFire   . . .        i - +4 whip (vamp)
rCold   + . .        E - +0 buckler
rNeg    + . .        N - +2 leather armour {rC+}
rPois   ∞            t - +0 helmet of Plasticity {Stlth+}
rElec   +            J - +0 cloak
rCorr   .            v - +0 pair of gloves
SInv    .            D - +1 pair of boots {rampage}
Will    .....        p - amulet of regeneration
Stlth   ++           T - +5 ring of evasion
HPRegen 1.12/turn    R - +6 ring of dexterity
MPRegen 0.13/turn

%: no teleportation, rampage
@: no status effects
A: sickness immunity, AC +8, negative energy resistance 1, electricity
resistance, torment resistance 1, petrification resistance
a: Renounce Religion, Berserk, Trog's Hand, Brothers in Arms


You were in a Gauntlet.
You worshipped Trog.
Trog was extremely pleased with you.
You visited 2 branches of the dungeon, and saw 14 of its levels.
You also visited: Gauntlet.

You collected 909 gold pieces.

Inventory:

Hand Weapons
 i - a +4 vampiric whip (weapon)
 m - a +0 sling
 F - a +0 mace of protection
 H - a +4 mace
Missiles
 k - 5 javelins (quivered)
 o - 19 poisoned darts
 G - 6 boomerangs
 Q - a curare-tipped dart
Armour
 j - a +2 robe of positive energy
 t - the +0 helmet of Plasticity (worn) {Stlth+}
   (You found it in a Gauntlet)

   Stlth:     It makes you more stealthy.
 v - a +0 pair of gloves (worn)
 w - a +0 helmet
 D - a +1 pair of boots of rampaging (worn)
 E - a +0 buckler (worn)
 J - a +0 cloak (worn)
 N - a +2 leather armour of cold resistance (worn)
Jewellery
 f - a ring of willpower
 p - an amulet of regeneration (around neck)
 O - a ring of protection from fire
 R - a +6 ring of dexterity (right hand)
 T - a +5 ring of evasion (left hand)
 U - a ring of willpower
 V - a ring of ice
 Y - a ring of willpower
Wands
 r - a wand of paralysis (11)
 u - a wand of iceblast (12)
 K - a wand of flame (10)
Scrolls
 c - 3 scrolls of blinking
 e - a scroll of immolation {unknown}
 g - 4 scrolls of vulnerability {unknown}
 l - 2 scrolls of fog {unknown}
 q - a scroll of torment
 x - a scroll of enchant weapon
 y - 3 scrolls of poison {unknown}
 B - 3 scrolls of teleportation {unknown}
 I - 2 scrolls of fear
 W - 2 scrolls of enchant armour {unknown}
Potions
 a - 2 potions of haste
 b - 2 potions of resistance
 d - 5 potions of lignification {unknown}
 h - a potion of magic
 n - a potion of cancellation
 s - a potion of heal wounds
 A - 4 potions of mutation {unknown}
 C - a potion of curing
 S - a potion of might {unknown}
 Z - a potion of ambrosia {unknown}
Miscellaneous
 z - a phial of floods
 X - a box of beasts


   Skills:
 + Level 9.0 Fighting
 * Level 11.1 Maces & Flails
 * Level 12.0 Armour
 + Level 6.5 Dodging
 + Level 7.1 Shields


You had 11 spell levels left.
You didn't know any spells.
Your spell library was empty.

Dungeon Overview and Level Annotations

Branches:
Dungeon (12/15)            Temple (0/1) D:4            Lair (2/5) D:8
 Spider (0/4) Lair:2      Gauntlet (1/1)
  Swamp: Lair:2-3    Shoals: Lair:2-3       Orc: D:9-12

Altars:
Elyvilon
Kikubaaqudgha
Ru
Sif Muna

Shops:
D:2 [

Annotations:
D:7 3 runed translucent doors, wesleywilliam's ghost, novice MiFi Gauntlet 10 transporters


Innate Abilities, Weirdness & Mutations

You are immune to sickness and miasma.
Your stone body is resilient. (AC +8)
You are immune to poison.
You resist negative energy. (rN+)
You are resistant to electric shocks. (rElec)
You are resistant to unholy torment.
You are immune to petrification.


Message History

The minotaur throws a silver javelin.
The silver javelin closely misses you.
Found a slimy staff.
Found a gate leading back out of this place.
You rampage towards the minotaur!
You rampage towards the minotaur!
You hit the minotaur but do no damage. You hit the minotaur.
The minotaur is lightly wounded.
The minotaur hits you with a +2 hand axe of pain!!
You block the minotaur's attack.
You hit the minotaur but do no damage.
The minotaur is lightly wounded.
You hit the minotaur.
You feel better.
The minotaur is lightly wounded.
The minotaur hits you but does no damage.
The minotaur gores you.
You hit the minotaur.
You feel better.
The minotaur is lightly wounded.
The minotaur drinks a potion.
The minotaur goes berserk!
You hit the minotaur but do no damage.
The minotaur is lightly wounded.
You barely miss the minotaur.
The minotaur is lightly wounded.
The minotaur barely misses you.
The minotaur gores you but does no damage.
You whack the minotaur!
You feel better.
The minotaur is moderately wounded.
The minotaur hits you with a +2 hand axe of pain!!!
Ouch! That really hurt!
* * * LOW HITPOINT WARNING * * *
You writhe in agony.
* * * LOW HITPOINT WARNING * * *
The minotaur gores you but does no damage.
You feel better.
The minotaur hits you with a +2 hand axe of pain.
* * * LOW HITPOINT WARNING * * *
You writhe in agony.
* * * LOW HITPOINT WARNING * * *
You block the minotaur's attack.
The minotaur hits you with a +2 hand axe of pain!!
You die...

####### #≈≈≈≈≈#
#≈≈∩≈≈# #≈.H.≈#
###@### #.....#
#######'#######
#.............#
#.###.###.###.#
###.###.###.#
............#
#.###.###.###
#.###.###.#####


You could see a minotaur (berserk).

Vanquished Creatures
  Harold (Lair:2)
  Fannar (D:10)
  A hell beast (Gauntlet)
  A catoblepas (Lair:1)
  A centaur warrior (D:12)
  A boulder beetle (Lair:1)
  A worldbinder (Gauntlet)
  A cyclops (D:12)
  2 black mambas (Lair:1)
  2 cane toads
  A kobold demonologist (D:9)
  Maggie (D:8)
  A komodo dragon (Lair:1)
  2 trolls
  Prince Ribbit (D:5)
  A hornet (D:9)
  A wraith (D:10)
  2 wyverns
  8 yaks
  2 basilisks (Lair:1)
  2 steam dragons (Lair:1)
  4 vampire mosquitoes
  Menkaure (D:5)
  Duvessa (D:7)
  2 acid dragons
  2 water moccasins (Lair:1)
  A hell hound (Gauntlet)
  An ice beast (D:6)
  4 orc warriors
  2 black bears
  3 sky beasts
  2 boggarts (Gauntlet)
  4 ogres
  4 centaurs
  A kobold brigand (D:8)
  5 bullfrogs
  3 scorpions
  14 wights
  Dowan (D:7)
  7 killer bees
  An electric eel (D:10)
  2 howler monkeys (D:10)
  4 jellies
  3 hounds (D:5)
  3 gnoll boudas
  5 orc priests
  Crazy Yiuf (D:7)
  An iguana (D:5)
  9 orc wizards
  7 adders
  14 gnolls
  2 shadow imps
  2 white imps
  2 worms
  2 dart slugs (D:4)
  37 orcs
  8 endoplasms
  3 giant cockroaches
  7 hobgoblins
  4 jackals
  2 quokkas
  11 ball pythons
  3 bats
  3 frilled lizards
  9 goblins
  9 kobolds
  3 rats
253 creatures vanquished.

Vanquished Creatures (collateral kills)
  An orc wizard (D:9)
  3 gnolls (D:9)
4 creatures vanquished.

Vanquished Creatures (others)
  2 orc wizards (D:6)
2 creatures vanquished.

Grand Total: 259 creatures vanquished

Notes
Turn   | Place    | Note
-------+----------+-------------------------------------------
     0 | D:1      | KittyFluff the Gargoyle Berserker began the quest for the
                  | Orb.
     0 | D:1      | Reached XP level 1. HP: 14/14 MP: 1/1
   130 | D:1      | Reached XP level 2. HP: 7/19 MP: 2/2
   974 | D:2      | Reached XP level 3. HP: 23/23 MP: 3/3
  1108 | D:2      | Reached ** piety under Trog
  1109 | D:2      | Reached skill level 3 in Armour
  1119 | D:2      | Found Vergherro's Armour Shoppe.
  1170 | D:2      | Reached XP level 4. HP: 29/29 MP: 4/4
  2366 | D:3      | Found an ancient bone altar of Kikubaaqudgha.
  2379 | D:3      | Reached XP level 5. HP: 33/33 MP: 5/5
  2603 | D:3      | Reached skill level 4 in Armour
  3145 | D:4      | Reached XP level 6. HP: 38/38 MP: 6/6
  3323 | D:4      | Reached *** piety under Trog
  3450 | D:4      | Found a staircase to the Ecumenical Temple.
  3948 | D:5      | Entered Level 5 of the Dungeon
  4431 | D:5      | Noticed Menkaure
  4442 | D:5      | Killed Menkaure
  4443 | D:5      | Reached skill level 5 in Maces & Flails
  4443 | D:5      | Reached skill level 5 in Armour
  4443 | D:5      | Reached XP level 7. HP: 33/44 MP: 7/7
  4820 | D:5      | Reached skill level 5 in Fighting
  4826 | D:5      | Reached skill level 6 in Armour
  4826 | D:5      | Reached XP level 8. HP: 49/49 MP: 8/8
  4858 | D:5      | Noticed Prince Ribbit
  4884 | D:5      | Killed Prince Ribbit
  5120 | D:5      | Reached skill level 1 in Shields
  5166 | D:6      | Found a white marble altar of Elyvilon.
  5219 | D:6      | Found a shimmering blue altar of Sif Muna.
  5304 | D:6      | Noticed a yak
  5305 | D:6      | Noticed a yak
  5305 | D:6      | Noticed a yak
  5377 | D:6      | Killed a yak
  5378 | D:6      | Reached skill level 7 in Armour
  5392 | D:6      | Killed a yak
  5393 | D:6      | Reached XP level 9. HP: 40/55 MP: 9/9
  5774 | D:7      | Reached skill level 8 in Armour
  5777 | D:7      | Reached **** piety under Trog
  5942 | D:7      | Found a runed translucent gate.
  5943 | D:7      | Found a runed translucent gate.
  5944 | D:7      | Found a runed translucent gate.
  5945 | D:7      | Noticed wesleywilliam's ghost (novice MiFi)
  6303 | D:7      | Found a runed translucent door.
  6304 | D:7      | Noticed Crazy Yiuf
  6315 | D:7      | Killed Crazy Yiuf
  6446 | D:7      | Noticed Duvessa
  6446 | D:7      | Noticed Dowan
  6465 | D:7      | Killed Duvessa
  6477 | D:7      | Killed Dowan
  6514 | D:7      | Reached XP level 10. HP: 61/61 MP: 10/10
  6712 | D:8      | Found a staircase to the Lair.
  6731 | D:8      | Noticed Maggie
  6781 | D:8      | Killed Maggie
  6782 | D:8      | Reached skill level 9 in Armour
  7428 | D:8      | Reached skill level 5 in Dodging
  7453 | D:8      | Reached ***** piety under Trog
  7747 | D:9      | HP: 1/94 [acid dragon/splash of acid (22)]
  7996 | D:9      | Noticed a kobold demonologist
  8002 | D:9      | Noticed an orange demon
  8006 | D:9      | Noticed a soul eater
  8303 | D:9      | You fall into a shaft and drop 3 floors!
  8308 | D:12     | Noticed a cyclops
  8327 | D:12     | Killed a cyclops
  8431 | D:12     | Reached skill level 5 in Shields
  8462 | D:12     | Reached skill level 10 in Armour
  8603 | D:12     | Noticed a centaur warrior
  8635 | D:12     | Killed a centaur warrior
  8636 | D:12     | Reached XP level 11. HP: 61/68 MP: 11/11
  8795 | D:10     | Entered Level 10 of the Dungeon
  9362 | D:10     | Found a sacrificial altar of Ru.
  9471 | D:10     | Reached skill level 10 in Maces & Flails
  9590 | D:10     | Received a gift from Trog
  9690 | D:10     | Noticed Fannar
  9756 | D:10     | Killed Fannar
  9757 | D:10     | Reached skill level 11 in Armour
 10068 | Lair:1   | Entered Level 1 of the Lair of Beasts
 10378 | Lair:1   | Noticed a boulder beetle
 10427 | Lair:1   | Killed a boulder beetle
 10551 | Lair:1   | Noticed a catoblepas
 10616 | Lair:1   | Killed a catoblepas
 11005 | Lair:1   | Reached XP level 12. HP: 57/75 MP: 12/12
 11126 | Lair:2   | Noticed Harold
 11153 | Lair:2   | Killed Harold
 11311 | Lair:2   | Found a gate leading to a gauntlet.
 11341 | Gauntlet | Entered a Gauntlet
 11341 | Gauntlet | Found a transporter.
 11341 | Gauntlet | Found a transporter.
 11345 | Gauntlet | Found a transporter.
 11345 | Gauntlet | Found a transporter.
 11360 | Gauntlet | Found a transporter.
 11374 | Gauntlet | Found a transporter.
 11376 | Gauntlet | Noticed a quicksilver ooze
 11395 | Gauntlet | Found a transporter.
 11411 | Gauntlet | Found a transporter.
 11413 | Gauntlet | Noticed a hell beast
 11549 | Gauntlet | Found a transporter.
 11560 | Gauntlet | Found a transporter.
 11560 | Gauntlet | Found a transporter.
 11565 | Gauntlet | Noticed a ghost crab
 11575 | Gauntlet | Found a transporter.
 11606 | Gauntlet | Found a transporter.
 11642 | Gauntlet | Found a transporter.
 11655 | Gauntlet | Noticed a green death
 11662 | Gauntlet | Found a transporter.
 11678 | Gauntlet | Found a transporter.
 11988 | Gauntlet | Killed a hell beast
 11989 | Gauntlet | Reached skill level 12 in Armour
 12061 | Gauntlet | Identified the +0 helmet of Plasticity {Stlth+}
 12162 | Gauntlet | Noticed a minotaur
 12172 | Gauntlet | Demolished by a minotaur

Illustrated notes

Levels and vault maps discovered:
D:1:      dpeg_arrival_long_road, layout_loops_ring, minmay_pentomino_q4
D:2:      minmay_chambers_of_ones, layout_loops_ring, serial_shops,
          nicolae_shop_tiny_waterfront
D:3:      cheibrodos_pilgrimage, layout_basic, kiku_gazebo_garden_becter,
          serial_park_tiny_1
D:4:      layout_basic, minmay_temple_entry_arrows
D:5:      layout_gridville, minivault_1, uniq_prince_ribbit1, uniq_menkaure
D:6:      layout_cave_pools, mainiacjoe_overflow_paths, amcnicky_altar_gilded
D:7:      layout_gridville, gammafunk_ghost_necromancy, minmay_door_square,
          uniq_duvessa, uniq_crazy_yiuf_cottage
D:8:      layout_loops_corners, lair_entry_dummy, uniq_maggie
D:9:      layout_gridville, kennysheep_generic_room_12
D:10:     layout_roguey, nicolae_ru_awakened_eye, kennysheep_small_circle,
          uniq_fannar
D:11:     layout_roguey, serial_shops, nicolae_shop_just_a_little_nook
D:12:     layout_roguey, orc_david_3, minmay_misc_feat_iff
Lair:1:   layout_cave_pods, grunt_megastairs_4
Lair:2:   layout_chaotic_city, hellmonk_spider_entry_not_the_bees,
          gauntlet_entry_generic, nicolae_quartered_pool_impasse, uniq_harold
Gauntlet: gammafunk_gauntlet_branching [gammafunk_gauntlet_arena_chambers,
          gammafunk_gauntlet_arena_hedges, gammafunk_gauntlet_arena_corners,
          gammafunk_gauntlet_arena_spirals, gammafunk_gauntlet_arena_grid,
          nicolae_gauntlet_arena_flowing_pool, gammafunk_gauntlet_arena_teeth,
          gammafunk_gauntlet_arena_mazey, gauntlet_exit_watery]

Skill      XL: |  1  2  3  4  5  6  7  8  9 10 11 12 |
---------------+-------------------------------------+-----
Armour         | 3 4 5 6 7 8 10 11 12 | 12.0
Dodging        | 2 3 4 5 6 |  6.5
Maces & Flails | 4 5 7 8 9 10 11 | 11.1
Fighting       | 4 5 6 7 8 9 |  9.0
Shields        | 2 3 5 6 7 |  7.1

Action                     |  1- 3 |  4- 6 |  7- 9 | 10-12 || total
---------------------------+-------+-------+-------+-------++-------
  Melee: Mace              |    43 |       |       |       ||    43
         Whip              |    61 |   209 |   470 |  1115 ||  1855
         Punch             |       |       |     1 |       ||     1
  Throw: Javelin           |       |       |       |     1 ||     1
 Invoke: Berserk           |     1 |     1 |     1 |     1 ||     4
         Trog's Hand       |       |       |       |     1 ||     1
  Evoke: Phial of floods   |       |       |       |     1 ||     1
         Box of beasts     |       |       |       |     1 ||     1
    Use: Scroll            |       |       |       |    14 ||    14
         Potion            |       |       |       |     3 ||     3
   Stab: Confused          |       |       |       |     2 ||     2
 Armour: Animal skin       |    17 |       |       |       ||    17
         Leather armour    |    12 |    71 |   169 |   310 ||   562
  Dodge: Dodged            |    45 |   101 |   226 |   526 ||   898
  Block: Buckler           |       |       |    49 |   203 ||   252
